 Dungeon Crawl Stone Soup version 0.19-a0-892-g8a19e52 (webtiles) character file.

8 Gorice the Stinger (level 2, -2/19 HPs)
             Began as a Demonspawn Venom Mage on July 4, 2016.
             Slain by a jackal (3 damage)
             ... on level 1 of the Dungeon.
             The game lasted 00:01:51 (316 turns).

Gorice the Stinger (Demonspawn Venom Mage)           Turns: 316, Time: 00:01:51

Health: -2/19      AC:  2    Str:  8    XL:     2   Next: 0%
Magic:  1/5        EV: 12    Int: 16    God:
Gold:   0          SH:  0    Dex: 13    Spells: 1 memorised, 4 levels left

rFire  . . .     SeeInvis .     (no weapon)
rCold  . . .     Gourm    .     a - +0 robe
rNeg   . . .     Faith    .     (no shield)
rPois  .         Spirit   .     (no helmet)
rElec  .         Dismiss  .     (no cloak)
rCorr  .         Reflect  .     (no gloves)
SustAt .         Harm     .     (no boots)
MR     .....                    (no amulet)
Stlth  ++........               (no ring)
                                (no ring)

@: very slightly contaminated, not resistant to hostile enchantments, unstealthy
A: demonic guardian 1
a: no special abilities


You were on level 1 of the Dungeon.
You were not hungry.

You visited 1 branch of the dungeon, and saw 1 of its levels.

Inventory:

Hand Weapons
 e - a cursed -1 whip
Armour
 a - a +0 robe (worn)
Books
 b - a Young Poisoner's Handbook
Comestibles
 c - 2 bread rations {!e}
 d - a beef jerky
 f - a chunk of flesh


   Skills:
 - Level 1.7 Dodging
 - Level 1.7 Stealth
 + Level 2.2 Spellcasting
 * Level 1.1 Conjurations
 - Level 4.0 Poison Magic


You had 4 spell levels left.
You knew the following spells:

 Your Spells              Type           Power        Failure   Level  Hunger
a - Sting                 Conj/Pois      #...         10%         1    #......


Dungeon Overview and Level Annotations

Branches:
Dungeon (1/15)

Altars:


Innate Abilities, Weirdness & Mutations

A weak demonic guardian rushes to your aid.


Message History

* * * LOW HITPOINT WARNING * * *
Damage: 2 (max 3)
You closely miss the jackal.
The jackal bites you but does no damage. x2
You closely miss the jackal. The jackal bites you.
* * * LOW HITPOINT WARNING * * *
Damage: 1 (max 3) Unknown command.
Casting: Sting
Confirm with . or Enter, or press ? or * to list all spells.
Aiming: Sting
Press: ? - help, Shift-Dir - straight line, f/p - goblin
Aim: a goblin, wielding a club (moderately wounded)
The sting hits the jackal.
The jackal is severely wounded.
The jackal bites you.
* * * LOW HITPOINT WARNING * * *
Damage: 1 (max 3) Unknown command.
You closely miss the jackal.
The jackal is severely wounded.
The jackal closely misses you. The jackal bites you.
* * * LOW HITPOINT WARNING * * *
Damage: 1 (max 3)
You hit the jackal but do no damage.
The jackal is severely wounded.
The jackal closely misses you.
You hit the jackal but do no damage.
The jackal is severely wounded.
The jackal closely misses you. The jackal barely misses you.
You closely miss the jackal.
The jackal is severely wounded.
The jackal barely misses you.
You hit the jackal but do no damage.
The jackal is severely wounded.
The jackal misses you.
You closely miss the jackal.
The jackal is severely wounded.
The jackal barely misses you. The jackal bites you.
* * * LOW HITPOINT WARNING * * *
Damage: 1 (max 3)
You hit the jackal but do no damage.
The jackal is severely wounded.
The jackal bites you.
* * * LOW HITPOINT WARNING * * *
Damage: 1 (max 3)
You barely miss the jackal.
The jackal is severely wounded.
The jackal bites you.
You die...

#######.#...###)#
#.#
.............##g#
#.#
#######.#..#.##.#
#.#
#..g##g†#.###.####..
##.####.............
#.## #.#>..........
##g## #..####......#
##h###.## #####.#
##@#..# ##.#.##
#.#..# #.##.#
#.##.## ######
#.##..#
#.8#.########.##
#..........##..#
#...8..8..8###.#


You could see a jackal and a goblin.

Vanquished Creatures
  2 goblins (D:1)
  A hobgoblin (D:1)
  2 jackals (D:1)
  A bat (D:1)
  A rat (D:1)
7 creatures vanquished.

Notes
Turn   | Place    | Note
-------+----------+-------------------------------------------
     0 | D:1      | Gorice the Demonspawn Venom Mage began the quest for the Orb.
     0 | D:1      | Reached XP level 1. HP: 13/13 MP: 3/3
   236 | D:1      | Reached skill level 1 in Conjurations
   258 | D:1      | Gained mutation: A weak demonic guardian rushes to your aid. [demonic ancestry]
   258 | D:1      | Reached XP level 2. HP: 16/19 MP: 0/5
   307 | D:1      | HP: 5/19 [jackal (1)]
   314 | D:1      | HP: 2/19 [jackal (1)]
   316 | D:1      | Slain by a jackal

Vault maps used:
D:1:      elethiomel_arrival_quiet

Skill      XL: |  1 |
---------------+----+-----
Conjurations   | 1 |  1.1
Dodging        | |  1.7
Stealth        | |  1.7
Spellcasting   | |  2.2
Poison Magic   | |  4.0

Action                   || total
-------------------------++-------
Melee: Unarmed           ||    12
 Cast: Sting             ||    15
Armor: Robe              ||     7
Dodge: Dodged            ||    19

Table legend:
 A = Turns spent in this place as a percentage of turns spent in the entire game.
 B = Non-inter-level travel turns spent in this place as a percentage of non-inter-level travel turns spent in the entire game.
 C = Inter-level travel turns spent in this place as a percentage of turns spent in this place.
 D = Turns resting spent in this place as a percentage of non-inter-level travel turns spent in this place.
 E = Turns spent auto-exploring this place as a percentage of non-inter-level travel turns spent in this place.
 F = Non-inter-level travel turns spent in this place divided by the number of levels of this place that you've seen.
                   A       B       C       D       E      F
               +-------+-------+-------+-------+-------+----------------------
         Total | 100.0 | 100.0 |   0.0 |   7.7 |   4.5 | 155.0
       Dungeon | 100.0 | 100.0 |   0.0 |   7.7 |   4.5 | 155.0
               +-------+-------+-------+-------+-------+----------------------

Vault maps used:
D:1:      elethiomel_arrival_quiet
